WCHLSIM.com - West Coast Hockey League
html PUBLIC "-//W3C//DTD XHTML 1.0 Transitional//EN" "http://www.w3.org/TR/xhtml1/DTD/xhtml1-transitional.dtd"> WCHL - Game 216 - VICTORIA GLADIATORS vs SAN DIEGO THUNDER

VICTORIA GLADIATORS vs SAN DIEGO THUNDER

Created - 12 novembre 2023 at 22:37

Goals
1 2 3 T
VICTORIA GLADIATORS 1 1 1 3
SAN DIEGO THUNDER 0 0 0 0
Shots
1 2 3 T
VICTORIA GLADIATORS 12 11 10 33
SAN DIEGO THUNDER 3 4 7 14

1st period

1. VICTORIA GLADIATORS , Kasperi Kapanen 3 (Justin Holl 2) at 3:46

Penalties :
No Penalty

2nd period

2. VICTORIA GLADIATORS , Matthew Nieto 3 (Barclay Goodrow 4, Chris Tanev 3) at 5:37

Penalties :
Erik Cernak (SDG) for Interference (Minor) at 16:40

3rd period

3. VICTORIA GLADIATORS , Noel Acciari 2 (Barclay Goodrow 5, Brandon Montour 6) at 13:45

Penalties :
Derek Forbort (SDG) for Holding (Minor) at 0:57, Mark Kastelic (SDG) for Tripping (Minor) at 5:39, Connor Murphy (SDG) for Hooking (Minor) at 17:29, Noel Acciari (VIC) for Hooking (Minor) at 19:49

Goalie Stats

Jake Oettinger (VIC), 14 saves from 14 shots - (1,000), W, 8-5-0, 60:00 minutes
Connor Hellebuyck (SDG), 30 saves from 33 shots - (0,909), L, 6-4-2, 60:00 minutes

Players Stats for VICTORIA GLADIATORS

Player Name              G  A  P  +/- PIM S  H  SB GA TA FO     MP     PP MP  PK MP  
------------------------------------------------------------------------------------
Adam Lowry               0  0  0   1  0   2  1  0  0  0  10/14  18:28   3:23   0:00 
Alex Iafallo             0  0  0   0  0   5  0  0  0  0  1/1    20:52   4:10   0:10 
Andre Burakovsky         0  0  0   0  0   3  2  0  0  0  0/0    20:42   4:10   0:00 
Barclay Goodrow          0  2  2   2  0   7  1  0  0  0  0/0    14:07   0:00   0:10 
Brandon Montour          0  1  1   1  0   3  0  2  0  0  0/0    21:53   2:00   0:00 
Brock McGinn             0  0  0   0  0   2  0  0  0  0  0/0     8:35   3:46   0:00 
Chris Tanev              0  1  1   1  0   0  0  0  0  0  0/0    18:33   1:28   0:10 
Jan Rutta                0  0  0   1  0   0  1  0  0  0  0/0    17:47   0:42   0:10 
Justin Holl              0  1  1   1  0   0  1  0  0  0  0/0    18:03   0:50   0:00 
Kasperi Kapanen          1  0  1   1  0   4  0  0  0  0  1/1    18:44   2:08   0:00 
Mason Appleton           0  0  0   0  0   1  0  0  0  0  3/4     7:17   0:57   0:00 
Matthew Nieto            1  0  1   2  0   3  0  0  0  0  0/0    13:57   0:00   0:00 
Mikael Granlund          0  0  0   0  0   1  0  0  0  0  21/27  20:42   4:10   0:00 
Nick Foligno             0  0  0   1  0   1  2  0  0  0  1/1    17:54   2:49   0:00 
Noel Acciari             1  0  1   2  2   1  1  0  0  0  12/17  14:19   0:23   0:00 
Torey Krug               0  0  0   1  0   0  4  0  0  0  0/0    21:16   3:30   0:00 
Tyler Myers              0  0  0   1  0   0  0  0  0  0  0/0    20:20   5:14   0:00 
Tyler Pitlick            0  0  0   0  0   0  0  0  0  0  1/3     6:20   0:00   0:00 

Players Stats for SAN DIEGO THUNDER

Player Name              G  A  P  +/- PIM S  H  SB GA TA FO     MP     PP MP  PK MP  
------------------------------------------------------------------------------------
Adam Boqvist             0  0  0   0  0   1  0  3  0  0  0/0    15:15   0:00   0:56 
Alexandre Carrier        0  0  0   0  0   1  1  1  0  0  0/0    17:37   0:00   3:39 
Aliaksei Protas          0  0  0  -1  0   0  0  0  0  0  2/7     9:33   0:00   0:37 
Brandon Saad             0  0  0   0  0   0  0  0  0  0  0/0     0:00   0:00   0:00 
Charles McAvoy           0  0  0  -2  0   1  1  0  0  0  0/0    24:17   0:10   3:41 
Connor Murphy            0  0  0  -1  2   0  1  2  0  0  0/0    20:34   0:00   3:05 
Denis Malgin             0  0  0   0  0   0  1  1  0  0  0/1    15:04   0:10   0:00 
Derek Forbort            0  0  0  -1  2   0  1  2  0  0  0/0    19:32   0:00   2:24 
Drake Batherson          0  0  0  -3  0   2  0  0  0  0  5/28   27:07   0:00   3:33 
Erik Cernak              0  0  0  -2  2   0  4  1  0  0  0/0    22:42   0:10   2:07 
Filip Zadina             0  0  0   0  0   1  1  0  0  0  0/0    11:19   0:00   0:00 
Frank Vatrano            0  0  0  -2  0   3  1  0  0  0  1/2    20:19   0:00   3:19 
Isac Lundestrom          0  0  0   0  0   0  0  0  0  0  6/14   11:19   0:00   0:00 
Jake Neighbours          0  0  0   0  0   2  4  0  0  0  0/2    22:28   0:00   1:26 
Joel Farabee             0  0  0  -2  0   1  4  0  0  0  0/2    20:09   0:10   3:14 
Mark Kastelic            0  0  0   0  2   0  0  0  0  0  0/0     6:26   0:00   0:00 
Michael Pezzetta         0  0  0  -1  0   0  0  0  0  0  0/0    13:15   0:00   3:43 
Wyatt Johnston           0  0  0   0  0   2  0  0  0  0  4/12   15:04   0:10   0:00 

3 Stars

1 - Barclay Goodrow (VIC)
2 - Matthew Nieto (VIC)
3 - Jake Oettinger (VIC)

Power Play

VICTORIA GLADIATORS - 0 on 4 Attempt(s) - 0,00%
SAN DIEGO THUNDER - 0 on 1 Attempt(s) - 0,00%

Penalty Kill

VICTORIA GLADIATORS - 1 on 1 Attempt(s) - 100,00% - Score 0 goal in Penalty Kill
SAN DIEGO THUNDER - 4 on 4 Attempt(s) - 100,00% - Score 0 goal in Penalty Kill

Team Stat

VICTORIA GLADIATORS - Hits : 13 - Faceoff Wins : 50 - Blocked Shots : 2 - Penalty Minutes : 2
SAN DIEGO THUNDER - Hits : 19 - Faceoff Wins : 18 - Blocked Shots : 10 - Penalty Minutes : 8

Official

Referees : Dan Kelly and Dan O'Rourke
Linesman : Ryan Galloway and Brian Mach

Game Notes

No Game Note

Finance

Level 1 -- Attendance: 5238 (83,54%) -- Ticket Income 916 650 $
Level 2 -- Attendance: 5237 (98,44%) -- Ticket Income 628 440 $
Level 3 -- Attendance: 2090 (100,00%) -- Ticket Income 209 000 $
Level 4 -- Attendance: 4320 (100,00%) -- Ticket Income 302 400 $
Luxury Box -- Attendance: 1000 (100,00%) -- Ticket Income 300 000 $
Total Attendance: 17885 (94,13%)
Total Ticket Income: 2 356 490 $
Other Expense: 23 565 $
Total Income: 2 332 925 $

VICTORIA GLADIATORS

5 vs 5 Forward 
   Center                   Left Wing                Right Wing               Time % Phy DF OF 
 1 Mikael Granlund          Alex Iafallo             Andre Burakovsky         36     0   2  3  
 2 Adam Lowry               Nick Foligno             Kasperi Kapanen          33     0   3  2  
 3 Noel Acciari             Barclay Goodrow          Matthew Nieto            24     1   3  1  
 4 Mason Appleton           Brock McGinn             Tyler Pitlick            7      0   4  1  

5 vs 5 Defense 
   Defense                  Defense                                           Time % Phy DF OF 
 1 Brandon Montour          Torey Krug                                        40     0   3  2  
 2 Tyler Myers              Justin Holl                                       35     0   3  2  
 3 Chris Tanev              Jan Rutta                                         25     0   3  2  
 4 Brandon Montour          Justin Holl                                       0      0   3  2  

PowerPlay Forward 
   Center                   Left Wing                Right Wing               Time % Phy DF OF 
 1 Mikael Granlund          Alex Iafallo             Andre Burakovsky         60     1   0  4  
 2 Adam Lowry               Brock McGinn             Nick Foligno             40     1   0  4  

PowerPlay Defense
   Defense                  Defense                                           Time % Phy DF OF 
 1 Brandon Montour          Kasperi Kapanen                                   60     0   1  4  
 2 Tyler Myers              Torey Krug                                        40     0   1  4  

Penalty Kill 4 Players Forward 
   Center                   Wing                     Time % Phy DF OF 
 1 Noel Acciari             Barclay Goodrow          60     0   5  0  
 2 Mason Appleton           Matthew Nieto            40     0   5  0  

Penalty Kill 4 Players Defense
   Defense                  Defense                  Time % Phy DF OF 
 1 Tyler Myers              Justin Holl              60     0   5  0  
 2 Chris Tanev              Jan Rutta                40     0   5  0  

Penalty Kill - 3 Players Forward 
   Forward                                           Time % Phy DF OF 
 1 Noel Acciari                                      55     0   5  0  
 2 Barclay Goodrow                                   45     0   5  0  

Penalty Kill - 3 Players Defense
   Defense                  Defense                  Time % Phy DF OF 
 1 Tyler Myers              Justin Holl              55     0   5  0  
 2 Chris Tanev              Jan Rutta                45     0   5  0  

4 vs 4 Forward 
   Center                   Wing                     Time % Phy DF OF 
 1 Mikael Granlund          Nick Foligno             52     1   2  2  
 2 Adam Lowry               Brock McGinn             48     1   2  2  

4 vs 4 Defense
   Defense                  Defense                  Time % Phy DF OF 
 1 Brandon Montour          Torey Krug               52     1   2  2  
 2 Chris Tanev              Jan Rutta                48     1   2  2  

Last Minutes Offensive
   Center                   Left Wing                Right Wing               Defense                  Defense                  
   Mikael Granlund          Alex Iafallo             Andre Burakovsky         Brandon Montour          Torey Krug               

Last Minutes Defensive
   Center                   Left Wing                Right Wing               Defense                  Defense                  
   Noel Acciari             Barclay Goodrow          Matthew Nieto            Tyler Myers              Justin Holl              

Goaltenders
Starting : Jake Oettinger           
Backup : Charlie Lindgren         

Extra Forwards
Normal : Alex Iafallo, Nick Foligno, Kasperi Kapanen - PP : Noel Acciari, Mason Appleton - PK : Brock McGinn
Extra Defensemen
Normal : Chris Tanev, Jan Rutta, Torey Krug - PP : Chris Tanev - PK : Jan Rutta, Tyler Myers
Penalty Shots
Mikael Granlund, Andre Burakovsky, Adam Lowry, Alex Iafallo, Barclay Goodrow
Custom OT Lines Forwards
Mikael Granlund, Andre Burakovsky, Adam Lowry, Alex Iafallo, Barclay Goodrow, Noel Acciari, Nick Foligno, Kasperi Kapanen, Matthew Nieto, Mason Appleton
Custom OT Lines Defensemen
Brandon Montour, Torey Krug, Tyler Myers, Justin Holl, Chris Tanev

Scratches
Juuso Parssinen (Right Hand Injury), Niko Mikkola (Healthy)

SAN DIEGO THUNDER

5 vs 5 Forward 
   Center                   Left Wing                Right Wing               Time % Phy DF OF 
 1 Drake Batherson          Joel Farabee             Frank Vatrano            36     1   2  2  
 2 Wyatt Johnston           Jake Neighbours          Denis Malgin             31     1   2  2  
 3 Isac Lundestrom          Jake Neighbours          Filip Zadina             23     1   2  2  
 4 Aliaksei Protas          Michael Pezzetta         Drake Batherson          10     1   2  2  

5 vs 5 Defense 
   Defense                  Defense                                           Time % Phy DF OF 
 1 Charles McAvoy           Erik Cernak                                       36     1   2  2  
 2 Connor Murphy            Derek Forbort                                     31     1   2  2  
 3 Adam Boqvist             Alexandre Carrier                                 23     1   2  2  
 4 Charles McAvoy           Erik Cernak                                       10     1   2  2  

PowerPlay Forward 
   Center                   Left Wing                Right Wing               Time % Phy DF OF 
 1 Drake Batherson          Filip Zadina             Frank Vatrano            55     1   2  2  
 2 Wyatt Johnston           Joel Farabee             Denis Malgin             45     1   2  2  

PowerPlay Defense
   Defense                  Defense                                           Time % Phy DF OF 
 1 Charles McAvoy           Erik Cernak                                       55     1   2  2  
 2 Connor Murphy            Derek Forbort                                     45     1   2  2  

Penalty Kill 4 Players Forward 
   Center                   Wing                     Time % Phy DF OF 
 1 Drake Batherson          Michael Pezzetta         55     1   2  2  
 2 Frank Vatrano            Joel Farabee             45     1   2  2  

Penalty Kill 4 Players Defense
   Defense                  Defense                  Time % Phy DF OF 
 1 Charles McAvoy           Erik Cernak              55     1   2  2  
 2 Connor Murphy            Derek Forbort            45     1   2  2  

Penalty Kill - 3 Players Forward 
   Forward                                           Time % Phy DF OF 
 1 Drake Batherson                                   55     1   2  2  
 2 Joel Farabee                                      45     1   2  2  

Penalty Kill - 3 Players Defense
   Defense                  Defense                  Time % Phy DF OF 
 1 Charles McAvoy           Erik Cernak              55     1   2  2  
 2 Connor Murphy            Derek Forbort            45     1   2  2  

4 vs 4 Forward 
   Center                   Wing                     Time % Phy DF OF 
 1 Drake Batherson          Jake Neighbours          55     1   2  2  
 2 Frank Vatrano            Joel Farabee             45     1   2  2  

4 vs 4 Defense
   Defense                  Defense                  Time % Phy DF OF 
 1 Charles McAvoy           Erik Cernak              55     1   2  2  
 2 Connor Murphy            Derek Forbort            45     1   2  2  

Last Minutes Offensive
   Center                   Left Wing                Right Wing               Defense                  Defense                  
   Drake Batherson          Joel Farabee             Frank Vatrano            Charles McAvoy           Erik Cernak              

Last Minutes Defensive
   Center                   Left Wing                Right Wing               Defense                  Defense                  
   Drake Batherson          Joel Farabee             Frank Vatrano            Charles McAvoy           Erik Cernak              

Goaltenders
Starting : Connor Hellebuyck        
Backup : Akira Schmid             

Extra Forwards
Normal : Mark Kastelic, Isac Lundestrom, Jake Neighbours - PP : Mark Kastelic, Isac Lundestrom - PK : Jake Neighbours
Extra Defensemen
Normal : Adam Boqvist, Alexandre Carrier, Connor Murphy - PP : Adam Boqvist - PK : Alexandre Carrier, Connor Murphy
Penalty Shots
Drake Batherson, Brandon Saad, Frank Vatrano, Joel Farabee, Wyatt Johnston
Custom OT Lines Forwards
Drake Batherson, Brandon Saad, Frank Vatrano, Joel Farabee, Wyatt Johnston, Isac Lundestrom, Jake Neighbours, Aliaksei Protas, Denis Malgin, Mark Kastelic
Custom OT Lines Defensemen
Charles McAvoy, Erik Cernak, Connor Murphy, Derek Forbort, Adam Boqvist

Scratches
Luke Kunin (Right Hand Injury), Evander Kane (Fractured Bone in Left Hand Injury)

% Time on Ice - VICTORIA GLADIATORS

Lines # - Real PCT - Wanted PCT - Time Play
Normal Forward
1 - 32% - 36% - 16:32
2 - 29% - 33% - 15:05
3 - 27% - 24% - 13:57
4 - 12% - 7% - 6:20
Normal Defense
1 - 34% - 40% - 17:46
2 - 29% - 35% - 15:06
3 - 33% - 25% - 16:55
4 - 4% - 0% - 2:07
PP Forward
1 - 53% - 60% - 4:10
2 - 47% - 40% - 3:46
PP Defense
1 - 34% - 60% - 2:42
2 - 66% - 40% - 5:14
PK Forward
1 - 100% - 60% - 0:10
2 - 0% - 40% - 0:00
PK Defense
1 - 0% - 60% - 0:00
2 - 100% - 40% - 0:10
PK3 Forward
1 - 0% - 55%
2 - 0% - 45%
PK3 Defense
1 - 0% - 55%
2 - 0% - 45%
44 Forward
1 - 0% - 52%
2 - 0% - 48%
44 Defense
1 - 0% - 52%
2 - 0% - 48%
Last Minute Offensive  - 0:00
Last Minute Defensive  - 0:00
Total
Forward - 60:00
Defense - 60:00

% Time on Ice - SAN DIEGO THUNDER

Lines # - Real PCT - Wanted PCT - Time Play
Normal Forward
1 - 32% - 36% - 16:45
2 - 29% - 31% - 14:54
3 - 22% - 23% - 11:19
4 - 17% - 10% - 8:56
Normal Defense
1 - 34% - 36% - 17:54
2 - 34% - 31% - 17:30
3 - 27% - 23% - 13:58
4 - 5% - 10% - 2:32
PP Forward
1 - 0% - 55% - 0:00
2 - 100% - 45% - 0:10
PP Defense
1 - 100% - 55% - 0:10
2 - 0% - 45% - 0:00
PK Forward
1 - 59% - 55% - 4:42
2 - 41% - 45% - 3:14
PK Defense
1 - 52% - 55% - 4:09
2 - 48% - 45% - 3:47
PK3 Forward
1 - 0% - 55%
2 - 0% - 45%
PK3 Defense
1 - 0% - 55%
2 - 0% - 45%
44 Forward
1 - 0% - 55%
2 - 0% - 45%
44 Defense
1 - 0% - 55%
2 - 0% - 45%
Last Minute Offensive  - 0:00
Last Minute Defensive  - 0:00
Total
Forward - 60:00
Defense - 60:00

Play-by-Play

1st period


0:01 of 1st period - Mikael Granlund wins face-off versus Drake Batherson in neutral zone.
0:06 of 1st period - Shot by Alex Iafallo.
0:06 of 1st period - Stopped by Connor Hellebuyck without a rebound.
0:07 of 1st period - Wyatt Johnston wins face-off versus Adam Lowry in SAN DIEGO THUNDER zone.
1:02 of 1st period - Shot by Barclay Goodrow.
1:02 of 1st period - Stopped by Connor Hellebuyck without a rebound.
1:03 of 1st period - Mikael Granlund wins face-off versus Drake Batherson in SAN DIEGO THUNDER zone.
1:03 of 1st period - Andre Burakovsky is hit by Charles McAvoy and loses puck.
1:09 of 1st period - Off-side.
1:10 of 1st period - Drake Batherson wins face-off versus Mikael Granlund in neutral zone.
1:26 of 1st period - Frank Vatrano is hit by Torey Krug and loses puck.
1:47 of 1st period - Shot by Joel Farabee.
1:47 of 1st period - Shot Blocked by Brandon Montour.
2:01 of 1st period - Drake Batherson is hit by Andre Burakovsky and loses puck.
2:26 of 1st period - Shot by Barclay Goodrow.
2:26 of 1st period - Stopped by Connor Hellebuyck without a rebound.
2:27 of 1st period - Tyler Pitlick wins face-off versus Isac Lundestrom in SAN DIEGO THUNDER zone.
2:45 of 1st period - Off-side.
2:46 of 1st period - Wyatt Johnston wins face-off versus Noel Acciari in neutral zone.
3:46 of 1st period - Shot by Kasperi Kapanen.
3:46 of 1st period - Goal by Kasperi Kapanen - VICTORIA GLADIATORS : 1 - SAN DIEGO THUNDER : 0.
3:47 of 1st period - Aliaksei Protas wins face-off versus Mikael Granlund in neutral zone.
5:04 of 1st period - Icing by Tyler Myers.
5:05 of 1st period - Adam Lowry wins face-off versus Isac Lundestrom in VICTORIA GLADIATORS zone.
5:05 of 1st period - Adam Lowry is hit by Filip Zadina.
5:49 of 1st period - Icing by Isac Lundestrom.
5:50 of 1st period - Mason Appleton wins face-off versus Isac Lundestrom in SAN DIEGO THUNDER zone.
6:43 of 1st period - Shot by Andre Burakovsky.
6:43 of 1st period - Stopped by Connor Hellebuyck without a rebound.
6:44 of 1st period - Noel Acciari wins face-off versus Wyatt Johnston in SAN DIEGO THUNDER zone.
7:35 of 1st period - Shot by Frank Vatrano.
7:35 of 1st period - Stopped by Jake Oettinger without a rebound.
7:36 of 1st period - Kasperi Kapanen wins face-off versus Isac Lundestrom in VICTORIA GLADIATORS zone.
8:09 of 1st period - Shot by Isac Lundestrom.
8:09 of 1st period - Shot Misses the Net.
8:18 of 1st period - Icing by Jan Rutta.
8:19 of 1st period - Adam Lowry wins face-off versus Drake Batherson in VICTORIA GLADIATORS zone.
8:26 of 1st period - Shot by Kasperi Kapanen.
8:26 of 1st period - Stopped by Connor Hellebuyck without a rebound.
8:27 of 1st period - Mikael Granlund wins face-off versus Drake Batherson in SAN DIEGO THUNDER zone.
8:34 of 1st period - Shot by Mikael Granlund.
8:34 of 1st period - Shot Misses the Net.
8:36 of 1st period - Shot by Andre Burakovsky.
8:36 of 1st period - Stopped by Connor Hellebuyck without a rebound.
8:37 of 1st period - Drake Batherson wins face-off versus Mikael Granlund in SAN DIEGO THUNDER zone.
8:56 of 1st period - Shot by Frank Vatrano.
8:56 of 1st period - Stopped by Jake Oettinger without a rebound.
8:57 of 1st period - Noel Acciari wins face-off versus Aliaksei Protas in VICTORIA GLADIATORS zone.
9:08 of 1st period - Shot by Matthew Nieto.
9:08 of 1st period - Stopped by Connor Hellebuyck with a rebound.
9:10 of 1st period - Shot by Matthew Nieto.
9:10 of 1st period - Shot Blocked by Connor Murphy.
9:12 of 1st period - Shot by Matthew Nieto.
9:12 of 1st period - Shot Blocked by Derek Forbort.
9:14 of 1st period - Shot by Barclay Goodrow.
9:14 of 1st period - Stopped by Connor Hellebuyck with a rebound.
9:53 of 1st period - Drake Batherson is hit by Barclay Goodrow and loses puck.
10:10 of 1st period - Shot by Andre Burakovsky.
10:10 of 1st period - Deflect By Mikael Granlund.
10:10 of 1st period - Shot Misses the Net.
10:12 of 1st period - Shot by Brandon Montour.
10:12 of 1st period - Shot Misses the Net.
10:14 of 1st period - Shot by Brandon Montour.
10:14 of 1st period - Stopped by Connor Hellebuyck without a rebound.
10:15 of 1st period - Wyatt Johnston wins face-off versus Adam Lowry in SAN DIEGO THUNDER zone.
10:15 of 1st period - Wyatt Johnston is hit by Nick Foligno.
10:42 of 1st period - Adam Lowry is hit by Jake Neighbours and loses puck.
10:56 of 1st period - Nick Foligno is hit by Erik Cernak and loses puck.
11:42 of 1st period - Denis Malgin is hit by Torey Krug and loses puck.
11:46 of 1st period - Icing by Torey Krug.
11:47 of 1st period - Mikael Granlund wins face-off versus Drake Batherson in VICTORIA GLADIATORS zone.
11:47 of 1st period - Mikael Granlund is hit by Joel Farabee.
12:04 of 1st period - Shot by Alex Iafallo.
12:04 of 1st period - Shot Blocked by Alexandre Carrier.
12:06 of 1st period - Shot by Torey Krug.
12:06 of 1st period - Shot Blocked by Adam Boqvist.
12:31 of 1st period - Shot by Brock McGinn.
12:31 of 1st period - Stopped by Connor Hellebuyck without a rebound.
12:32 of 1st period - Isac Lundestrom wins face-off versus Noel Acciari in SAN DIEGO THUNDER zone.
12:36 of 1st period - Off-side.
12:37 of 1st period - Adam Lowry wins face-off versus Aliaksei Protas in neutral zone.
14:32 of 1st period - Icing by Torey Krug.
14:33 of 1st period - Noel Acciari wins face-off versus Isac Lundestrom in VICTORIA GLADIATORS zone.
14:33 of 1st period - Noel Acciari is hit by Jake Neighbours.
15:10 of 1st period - Shot by Charles McAvoy.
15:10 of 1st period - Stopped by Jake Oettinger without a rebound.
15:11 of 1st period - Nick Foligno wins face-off versus Wyatt Johnston in VICTORIA GLADIATORS zone.
15:11 of 1st period - Nick Foligno is hit by Denis Malgin.
15:27 of 1st period - Shot by Kasperi Kapanen.
15:27 of 1st period - Shot Misses the Net.
16:32 of 1st period - Alex Iafallo is hit by Erik Cernak and loses puck.
16:46 of 1st period - Icing by Chris Tanev.
16:47 of 1st period - Mikael Granlund wins face-off versus Isac Lundestrom in VICTORIA GLADIATORS zone.
16:58 of 1st period - Icing by Mikael Granlund.
16:59 of 1st period - Mikael Granlund wins face-off versus Jake Neighbours in VICTORIA GLADIATORS zone.
16:59 of 1st period - Mikael Granlund is hit by Jake Neighbours.
17:15 of 1st period - Shot by Derek Forbort.
17:15 of 1st period - Shot Misses the Net.
19:42 of 1st period - Icing by Adam Boqvist.
19:43 of 1st period - Mikael Granlund wins face-off versus Wyatt Johnston in SAN DIEGO THUNDER zone.
19:46 of 1st period - Shot by Alex Iafallo.
19:46 of 1st period - Stopped by Connor Hellebuyck without a rebound.
19:47 of 1st period - Isac Lundestrom wins face-off versus Noel Acciari in SAN DIEGO THUNDER zone.
19:51 of 1st period - Off-side.
19:52 of 1st period - Mikael Granlund wins face-off versus Isac Lundestrom in neutral zone.
Goals for this period are 1 for VICTORIA GLADIATORS vs 0 for SAN DIEGO THUNDER.
Shots for this period are 12 for VICTORIA GLADIATORS vs 3 for SAN DIEGO THUNDER.

2nd period


0:01 of 2nd period - Mikael Granlund wins face-off versus Drake Batherson in neutral zone.
0:15 of 2nd period - Off-side.
0:16 of 2nd period - Isac Lundestrom wins face-off versus Adam Lowry in neutral zone.
0:31 of 2nd period - Shot by Adam Lowry.
0:31 of 2nd period - Shot Misses the Net.
0:38 of 2nd period - Isac Lundestrom is hit by Justin Holl.
1:48 of 2nd period - Shot by Alex Iafallo.
1:48 of 2nd period - Shot Blocked by Derek Forbort.
2:31 of 2nd period - Icing by Noel Acciari.
2:32 of 2nd period - Drake Batherson wins face-off versus Noel Acciari in VICTORIA GLADIATORS zone.
3:37 of 2nd period - Shot by Mark Kastelic.
3:37 of 2nd period - Shot Misses the Net.
3:52 of 2nd period - Tyler Myers is hit by Alexandre Carrier and loses puck.
4:15 of 2nd period - Icing by Justin Holl.
4:16 of 2nd period - Adam Lowry wins face-off versus Drake Batherson in VICTORIA GLADIATORS zone.
4:59 of 2nd period - Shot by Wyatt Johnston.
4:59 of 2nd period - Shot Misses the Net.
5:25 of 2nd period - Shot by Alex Iafallo.
5:25 of 2nd period - Stopped by Connor Hellebuyck without a rebound.
5:26 of 2nd period - Noel Acciari wins face-off versus Drake Batherson in SAN DIEGO THUNDER zone.
5:37 of 2nd period - Shot by Matthew Nieto.
5:37 of 2nd period - Goal by Matthew Nieto - VICTORIA GLADIATORS : 2 - SAN DIEGO THUNDER : 0.
5:38 of 2nd period - Mason Appleton wins face-off versus Drake Batherson in neutral zone.
7:49 of 2nd period - Icing by Alexandre Carrier.
7:50 of 2nd period - Adam Lowry wins face-off versus Aliaksei Protas in SAN DIEGO THUNDER zone.
7:55 of 2nd period - Shot by Kasperi Kapanen.
7:55 of 2nd period - Stopped by Connor Hellebuyck without a rebound.
7:56 of 2nd period - Drake Batherson wins face-off versus Tyler Pitlick in SAN DIEGO THUNDER zone.
8:14 of 2nd period - Shot by Frank Vatrano.
8:14 of 2nd period - Stopped by Jake Oettinger without a rebound.
8:15 of 2nd period - Mikael Granlund wins face-off versus Drake Batherson in VICTORIA GLADIATORS zone.
8:31 of 2nd period - Shot by Drake Batherson.
8:31 of 2nd period - Stopped by Jake Oettinger without a rebound.
8:32 of 2nd period - Adam Lowry wins face-off versus Aliaksei Protas in VICTORIA GLADIATORS zone.
9:34 of 2nd period - Shot by Andre Burakovsky.
9:34 of 2nd period - Shot Misses the Net.
10:00 of 2nd period - Shot by Mikael Granlund.
10:00 of 2nd period - Shot Blocked by Adam Boqvist.
10:12 of 2nd period - Shot by Andre Burakovsky.
10:12 of 2nd period - Deflect By Alex Iafallo.
10:12 of 2nd period - Stopped by Connor Hellebuyck without a rebound.
10:13 of 2nd period - Noel Acciari wins face-off versus Drake Batherson in SAN DIEGO THUNDER zone.
10:27 of 2nd period - Shot by Barclay Goodrow.
10:27 of 2nd period - Stopped by Connor Hellebuyck without a rebound.
10:28 of 2nd period - Drake Batherson wins face-off versus Tyler Pitlick in SAN DIEGO THUNDER zone.
11:19 of 2nd period - Shot by Wyatt Johnston.
11:19 of 2nd period - Stopped by Jake Oettinger without a rebound.
11:20 of 2nd period - Isac Lundestrom wins face-off versus Mikael Granlund in VICTORIA GLADIATORS zone.
11:30 of 2nd period - Off-side.
11:31 of 2nd period - Wyatt Johnston wins face-off versus Noel Acciari in neutral zone.
11:34 of 2nd period - Shot by Alexandre Carrier.
11:34 of 2nd period - Stopped by Jake Oettinger without a rebound.
11:35 of 2nd period - Mikael Granlund wins face-off versus Wyatt Johnston in VICTORIA GLADIATORS zone.
11:35 of 2nd period - Mikael Granlund is hit by Jake Neighbours.
11:40 of 2nd period - Icing by Brandon Montour.
11:41 of 2nd period - Mikael Granlund wins face-off versus Drake Batherson in VICTORIA GLADIATORS zone.
11:41 of 2nd period - Mikael Granlund is hit by Joel Farabee.
11:47 of 2nd period - Brandon Montour is hit by Joel Farabee and loses puck.
12:11 of 2nd period - Joel Farabee is hit by Torey Krug.
12:15 of 2nd period - Shot by Frank Vatrano.
12:15 of 2nd period - Shot Misses the Net.
12:24 of 2nd period - Torey Krug is hit by Erik Cernak.
13:14 of 2nd period - Shot by Wyatt Johnston.
13:14 of 2nd period - Shot Misses the Net.
13:33 of 2nd period - Icing by Adam Boqvist.
13:34 of 2nd period - Noel Acciari wins face-off versus Isac Lundestrom in SAN DIEGO THUNDER zone.
13:41 of 2nd period - Shot by Barclay Goodrow.
13:41 of 2nd period - Stopped by Connor Hellebuyck without a rebound.
13:42 of 2nd period - Noel Acciari wins face-off versus Drake Batherson in SAN DIEGO THUNDER zone.
14:06 of 2nd period - Shot by Matthew Nieto.
14:06 of 2nd period - Stopped by Connor Hellebuyck with a rebound.
15:40 of 2nd period - Shot by Adam Lowry.
15:40 of 2nd period - Stopped by Connor Hellebuyck with a rebound.
15:42 of 2nd period - Shot by Kasperi Kapanen.
15:42 of 2nd period - Stopped by Connor Hellebuyck with a rebound.
15:52 of 2nd period - Shot by Nick Foligno.
15:52 of 2nd period - Shot Blocked by Denis Malgin.
15:54 of 2nd period - Shot by Nick Foligno.
15:54 of 2nd period - Stopped by Connor Hellebuyck with a rebound.
16:25 of 2nd period - Frank Vatrano is hit by Adam Lowry and loses puck.
16:40 of 2nd period - Minor Penalty to Erik Cernak for Interference.
16:41 of 2nd period - Mikael Granlund wins face-off versus Drake Batherson in SAN DIEGO THUNDER zone.
16:42 of 2nd period - Shot by Andre Burakovsky.
16:42 of 2nd period - Shot Misses the Net.
16:44 of 2nd period - Shot by Mikael Granlund.
16:44 of 2nd period - Deflect By Alex Iafallo.
16:44 of 2nd period - Shot Misses the Net.
16:58 of 2nd period - Shot by Alex Iafallo.
16:58 of 2nd period - Stopped by Connor Hellebuyck with a rebound.
18:21 of 2nd period - Icing by Tyler Myers.
18:22 of 2nd period - Mikael Granlund wins face-off versus Drake Batherson in VICTORIA GLADIATORS zone.
Goals for this period are 1 for VICTORIA GLADIATORS vs 0 for SAN DIEGO THUNDER.
Shots for this period are 11 for VICTORIA GLADIATORS vs 4 for SAN DIEGO THUNDER.

3rd period


0:01 of 3rd period - Frank Vatrano wins face-off versus Mikael Granlund in neutral zone.
0:03 of 3rd period - Off-side.
0:04 of 3rd period - Mikael Granlund wins face-off versus Joel Farabee in neutral zone.
0:17 of 3rd period - Shot by Andre Burakovsky.
0:17 of 3rd period - Shot Misses the Net.
0:35 of 3rd period - Shot by Drake Batherson.
0:35 of 3rd period - Stopped by Jake Oettinger without a rebound.
0:36 of 3rd period - Adam Lowry wins face-off versus Denis Malgin in VICTORIA GLADIATORS zone.
0:57 of 3rd period - Minor Penalty to Derek Forbort for Holding.
0:58 of 3rd period - Mikael Granlund wins face-off versus Drake Batherson in SAN DIEGO THUNDER zone.
1:01 of 3rd period - Shot by Alex Iafallo.
1:01 of 3rd period - Shot Misses the Net.
1:03 of 3rd period - Shot by Brandon Montour.
1:03 of 3rd period - Stopped by Connor Hellebuyck without a rebound.
1:04 of 3rd period - Mikael Granlund wins face-off versus Drake Batherson in SAN DIEGO THUNDER zone.
1:37 of 3rd period - Off-side.
1:38 of 3rd period - Adam Lowry wins face-off versus Drake Batherson in neutral zone.
1:43 of 3rd period - Alexandre Carrier is hit by Nick Foligno and loses puck.
2:11 of 3rd period - Shot by Brandon Montour.
2:11 of 3rd period - Shot Blocked by Connor Murphy.
2:13 of 3rd period - Shot by Adam Lowry.
2:13 of 3rd period - Stopped by Connor Hellebuyck with a rebound.
2:15 of 3rd period - Shot by Brock McGinn.
2:15 of 3rd period - Stopped by Connor Hellebuyck without a rebound.
2:16 of 3rd period - Mikael Granlund wins face-off versus Frank Vatrano in SAN DIEGO THUNDER zone.
2:19 of 3rd period - Shot by Alex Iafallo.
2:19 of 3rd period - Deflect By Andre Burakovsky.
2:19 of 3rd period - Stopped by Connor Hellebuyck with a rebound.
2:21 of 3rd period - Shot by Mikael Granlund.
2:21 of 3rd period - Shot Misses the Net.
3:10 of 3rd period - Icing by Chris Tanev.
3:11 of 3rd period - Noel Acciari wins face-off versus Jake Neighbours in VICTORIA GLADIATORS zone.
4:57 of 3rd period - Shot by Drake Batherson.
4:57 of 3rd period - Shot Misses the Net.
5:00 of 3rd period - Joel Farabee is hit by Torey Krug and loses puck.
5:39 of 3rd period - Minor Penalty to Mark Kastelic for Tripping.
5:40 of 3rd period - Adam Lowry wins face-off versus Drake Batherson in SAN DIEGO THUNDER zone.
6:58 of 3rd period - Alexandre Carrier is hit by Andre Burakovsky and loses puck.
7:25 of 3rd period - Shot by Torey Krug.
7:25 of 3rd period - Shot Blocked by Adam Boqvist.
7:45 of 3rd period - Shot by Wyatt Johnston.
7:45 of 3rd period - Shot Misses the Net.
7:57 of 3rd period - Shot by Noel Acciari.
7:57 of 3rd period - Shot Misses the Net.
8:03 of 3rd period - Shot by Barclay Goodrow.
8:03 of 3rd period - Stopped by Connor Hellebuyck without a rebound.
8:04 of 3rd period - Isac Lundestrom wins face-off versus Mason Appleton in SAN DIEGO THUNDER zone.
8:33 of 3rd period - Shot by Filip Zadina.
8:33 of 3rd period - Stopped by Jake Oettinger with a rebound.
8:58 of 3rd period - Shot by Drake Batherson.
8:58 of 3rd period - Shot Misses the Net.
9:46 of 3rd period - Shot by Wyatt Johnston.
9:46 of 3rd period - Stopped by Jake Oettinger without a rebound.
9:47 of 3rd period - Noel Acciari wins face-off versus Drake Batherson in VICTORIA GLADIATORS zone.
10:06 of 3rd period - Shot by Barclay Goodrow.
10:06 of 3rd period - Stopped by Connor Hellebuyck without a rebound.
10:07 of 3rd period - Mikael Granlund wins face-off versus Wyatt Johnston in SAN DIEGO THUNDER zone.
10:07 of 3rd period - Brandon Montour is hit by Erik Cernak and loses puck.
10:14 of 3rd period - Shot by Jake Neighbours.
10:14 of 3rd period - Stopped by Jake Oettinger with a rebound.
10:16 of 3rd period - Shot by Jake Neighbours.
10:16 of 3rd period - Shot Misses the Net.
10:18 of 3rd period - Shot by Erik Cernak.
10:18 of 3rd period - Shot Blocked by Brandon Montour.
10:44 of 3rd period - Shot by Jake Neighbours.
10:44 of 3rd period - Shot Misses the Net.
10:54 of 3rd period - Shot by Joel Farabee.
10:54 of 3rd period - Stopped by Jake Oettinger without a rebound.
10:55 of 3rd period - Noel Acciari wins face-off versus Drake Batherson in VICTORIA GLADIATORS zone.
10:55 of 3rd period - Noel Acciari is hit by Joel Farabee.
11:11 of 3rd period - Noel Acciari is hit by Derek Forbort and loses puck.
11:35 of 3rd period - Noel Acciari is hit by Connor Murphy and loses puck.
12:02 of 3rd period - Shot by Jake Neighbours.
12:02 of 3rd period - Stopped by Jake Oettinger without a rebound.
12:03 of 3rd period - Mikael Granlund wins face-off versus Wyatt Johnston in VICTORIA GLADIATORS zone.
13:13 of 3rd period - Shot by Mason Appleton.
13:13 of 3rd period - Stopped by Connor Hellebuyck without a rebound.
13:14 of 3rd period - Noel Acciari wins face-off versus Drake Batherson in SAN DIEGO THUNDER zone.
13:40 of 3rd period - Barclay Goodrow is hit by Frank Vatrano and loses puck.
13:45 of 3rd period - Shot by Noel Acciari.
13:45 of 3rd period - Goal by Noel Acciari - VICTORIA GLADIATORS : 3 - SAN DIEGO THUNDER : 0.
13:46 of 3rd period - Isac Lundestrom wins face-off versus Adam Lowry in neutral zone.
14:08 of 3rd period - Shot by Adam Boqvist.
14:08 of 3rd period - Stopped by Jake Oettinger with a rebound.
14:35 of 3rd period - Icing by Erik Cernak.
14:36 of 3rd period - Mikael Granlund wins face-off versus Aliaksei Protas in SAN DIEGO THUNDER zone.
15:07 of 3rd period - Shot by Mikael Granlund.
15:07 of 3rd period - Stopped by Connor Hellebuyck without a rebound.
15:08 of 3rd period - Noel Acciari wins face-off versus Wyatt Johnston in SAN DIEGO THUNDER zone.
15:28 of 3rd period - Wyatt Johnston is hit by Noel Acciari and loses puck.
16:04 of 3rd period - Off-side.
16:05 of 3rd period - Adam Lowry wins face-off versus Drake Batherson in neutral zone.
16:24 of 3rd period - Shot by Kasperi Kapanen.
16:24 of 3rd period - Shot Misses the Net.
16:40 of 3rd period - Shot by Joel Farabee.
16:40 of 3rd period - Shot Misses the Net.
17:22 of 3rd period - Off-side.
17:23 of 3rd period - Mason Appleton wins face-off versus Wyatt Johnston in neutral zone.
17:29 of 3rd period - Minor Penalty to Connor Murphy for Hooking.
17:30 of 3rd period - Aliaksei Protas wins face-off versus Mikael Granlund in SAN DIEGO THUNDER zone.
18:05 of 3rd period - Shot by Brandon Montour.
18:05 of 3rd period - Stopped by Connor Hellebuyck with a rebound.
18:27 of 3rd period - Shot by Adam Lowry.
18:27 of 3rd period - Shot Blocked by Erik Cernak.
19:39 of 3rd period - Jake Neighbours is hit by Jan Rutta and loses puck.
19:49 of 3rd period - Minor Penalty to Noel Acciari for Hooking.
19:50 of 3rd period - Alex Iafallo wins face-off versus Joel Farabee in VICTORIA GLADIATORS zone.
Goals for this period are 1 for VICTORIA GLADIATORS vs 0 for SAN DIEGO THUNDER.
Shots for this period are 10 for VICTORIA GLADIATORS vs 7 for SAN DIEGO THUNDER.


BLAKE
WHEELER
STEVEN
STAMKOS
DREW
DOUGHTY

EAST COAST

HOCKEY LEAGUE

  • 63.RHI2PIT5
  • 64.WOR4ATL3
  • 65.QUECHW
  • 66.CHATRV